 Dungeon Crawl Stone Soup version 0.31-a0-986-g5e6e4ef867 (webtiles) character file.

Game seed: 6217839638824651072

32 strifetoe the Shooter (level 3, -5/30 HPs)
             Began as a Hill Orc Hunter on Nov 15, 2023.
             Killed by an exploding adder (33 damage)
             ... ignited by their inner flame
             ... on level 1 of the Dungeon.
             The game lasted 00:02:02 (862 turns).

strifetoe the Shooter (Hill Orc Hunter)              Turns: 862, Time: 00:02:02

Health: -5/30      AC:  3    Str: 15    XL:     3   Next: 27%
Magic:  3/3        EV: 11    Int:  9    God:
Gold:   68         SH:  5    Dex: 14    Spells: 2/2 levels left

rFire   . . .        a - +0 shortbow
rCold   . . .        (shield currently unavailable)
rNeg    . . .        c - +0 leather armour
rPois   .            (no helmet)
rElec   .            (no cloak)
rCorr   .            (no gloves)
SInv    .            (no boots)
Will    .....        h - amulet of reflection
Stlth   +            (no ring)
HPRegen 0.25/turn    (no ring)
MPRegen 0.08/turn

%: reflection
@: no status effects
A: no striking features
a: no special abilities


You were on level 1 of the Dungeon.
You visited 1 branch of the dungeon, and saw 2 of its levels.

You collected 68 gold pieces.

Inventory:

Hand Weapons
 a - a +0 shortbow (weapon)
 e - a +0 trident
Armour
 c - a +0 leather armour (worn)
Jewellery
 h - an amulet of reflection (around neck)
Scrolls
 b - a scroll of butterflies
 d - 3 scrolls of identify {unknown}
 j - a scroll of amnesia {unknown}
Potions
 g - a potion of curing {unknown}


   Skills:
 - Level 2.4 Fighting
 + Level 4.6 Ranged Weapons
 - Level 1.5 Dodging
 - Level 0.7 Stealth


You had 2 spell levels left.
You didn't know any spells.
Your spell library was empty.

Dungeon Overview and Level Annotations

Branches:
Dungeon (2/15)

Altars:
Elyvilon

Annotations:
D:2 Sigmund


Message History

The adder closely misses you.
Sigmund's eyes start glowing with a red light.
The adder bites you. The adder bites you but does no damage.
A mysterious force pulls you upwards. The hatch slams shut behind you.
Unknown command.
An adder is nearby!
As you read the scroll labelled NEMATO COSKUAF, it crumbles to dust.
The creatures around you are filled with an inner flame!
It was a scroll of immolation.
You block the adder's attack.
Unknown command.
Fire: a) +0 shortbow
Press: ? - help, Q - select action Shift-Dir - straight line, f - adder
Aim: an adder (inner flame, 44% to hit)
You shoot an arrow. The arrow misses the adder.
The adder closely misses you. The adder bites you.
* * * LOW HITPOINT WARNING * * *
You are poisoned.
The adder poisons you!
Fire: a) +0 shortbow
Press: ? - help, Q - select action Shift-Dir - straight line, f/p - adder
Aim: an adder (inner flame, 44% to hit)
You shoot an arrow. The arrow barely misses the adder.
You feel sick. The adder bites you but does no damage.
Unknown command.
Unknown command.
It was a potion of heal wounds.
You feel much better.
You feel sick. The adder bites you. The adder bites you but does no damage.
You feel sick.
You are no longer poisoned.
Fire: a) +0 shortbow
Press: ? - help, Q - select action Shift-Dir - straight line, f/p - adder
Aim: an adder (inner flame, 44% to hit)
You shoot an arrow. The arrow hits the adder.
Flame seeps out of the adder.
The adder is heavily wounded.
The adder is engulfed in blazing flames.
The adder explodes!
The fiery explosion engulfs you!!
Ouch! That really hurt!
You die...

############# ##.....#.....##
#### ######
##....§§.......###..### #....#
#....§○@........#.....## .....##
#....§§§............÷...
......####..................#####
'#........................###
.#...#####................#####
+##(### ##...................###
......# ##.............####....
###...# ######.##.##..# #####
....#.# #..#.#...#


There were no monsters in sight!

Vanquished Creatures
  An adder (D:1)
  2 dart slugs (D:1)
  4 ball pythons
  A bat (D:1)
  An endoplasm (D:1)
  2 giant cockroaches (D:1)
  3 goblins
  A hobgoblin (D:2)
  2 jackals (D:1)
  3 kobolds (D:1)
  4 frilled lizards (D:1)
  4 rats
28 creatures vanquished.

Notes
Turn   | Place    | Note
-------+----------+-------------------------------------------
     0 | D:1      | strifetoe the Hill Orc Hunter began the quest for the Orb.
     0 | D:1      | Reached XP level 1. HP: 18/18 MP: 1/1
   100 | D:1      | Reached skill level 4 in Ranged Weapons
   100 | D:1      | Reached XP level 2. HP: 25/25 MP: 2/2
   315 | D:1      | Reached XP level 3. HP: 30/30 MP: 3/3
   597 | D:2      | Found a white marble altar of Elyvilon.
   834 | D:2      | Noticed Sigmund
   862 | D:1      | Killed by an exploding adder... ignited by their inner
                  | flame

Illustrated notes

Levels and vault maps discovered:
D:1:      shiori_arrival_oz, layout_rooms
D:2:      layout_basic, basic_altar, uniq_terence, uniq_sigmund

Skill      XL: |  1 |
---------------+----+-----
Ranged Weapons | 4 |  4.6
Fighting       | |  2.4
Dodging        | |  1.5
Stealth        | |  0.7

Action                     || total
---------------------------++-------
  Melee: Shortbow          ||     1
   Fire: Shortbow          ||    78
    Use: Scroll            ||     1
         Potion            ||     1
 Armour: Leather armour    ||    38
  Dodge: Dodged            ||    23
  Block: Other             ||     3

Table legend: (Time is in decaauts)
 A = Elapsed time spent in this place.
 B = Non-inter-level travel time spent in this place.
 C = Inter-level travel time spent in this place.
 D = Time resting spent in this place.
 E = Time spent auto-exploring this place.
 F = Levels seen in this place.
 G = Mean time per level.
                   A        B        C        D        E       F      G
               +--------+--------+--------+--------+--------+-----+--------+
         Total |    880 |    880 |      0 |     53 |    648 |   2 |  440.0 |
       Dungeon |    880 |    880 |      0 |     53 |    648 |   2 |  440.0 |
               +--------+--------+--------+--------+--------+-----+--------+

Top non-repeatable levels by time:
     D:1: 493 daAuts
     D:2: 386 daAuts
